 Dungeon Crawl Stone Soup version 0.29.0-11-gd7f09526c8 (webtiles) character file.

Game seed: 9814021650786530406

5579 robertstho the Grappler (level 10, -5/56 HPs)
             Began as a Vine Stalker Berserker on Sept 6, 2022.
             Was a High Priest of Trog.
             Slain by a yak (9 damage)
             ... on level 8 of the Dungeon.
             The game lasted 00:12:06 (6867 turns).

robertstho the Grappler (Vine Stalker Berserker)    Turns: 6867, Time: 00:12:07

Health: -5/56      AC: 10    Str: 24    XL:     10   Next: 72%
Magic:  0/11       EV:  9    Int:  7    God:    Trog [*****.]
Gold:   88         SH:  3    Dex: 10    Spells: 9/9 levels left

rFire   . . .      SeeInvis .     - Unarmed
rCold   + . .      Faith    .   D - +0 buckler
rNeg    + + .      Spirit   +   r - +0 chain mail
rPois   +          Reflect  .   A - +0 hat of the Hunter {rPois rN++ Dex-4 Stlth+}
rElec   .          Harm     .   (no cloak)
rCorr   .          Rampage  .   (no gloves)
Will    +++..                   (no boots)
Stlth   ..........              c - amulet of magic regeneration
HPRegen 1.98/turn               u - ring of protection from cold
MPRegen 0.52/turn               (no ring)

@: strong-willed, on berserk cooldown, regenerating, slowed, studying Fighting,
very slow
A: fangs 3, regeneration 1, magic shield, antimagic bite, no potion heal 2
a: Renounce Religion, Berserk, Trog's Hand, Brothers in Arms


You were on level 8 of the Dungeon.
You worshipped Trog.
Trog was extremely pleased with you.
You visited 1 branch of the dungeon, and saw 8 of its levels.
You visited the Abyss 1 time.
You also visited: Ossuary.

You collected 397 gold pieces.
You spent 309 gold pieces at shops.

Inventory:

Armour
 r - a +0 chain mail (worn)
 A - the +0 hat of the Hunter (worn) {rPois rN++ Dex-4 Stlth+}
   (You bought it in a shop on level 7 of the Dungeon)

   Dex:       It affects your dexterity (-4).
   rPois:     It protects you from poison.
   rN:        It greatly protects you from negative energy.
   Stlth:     It makes you more stealthy.
 D - a +0 buckler (worn)
Jewellery
 c - an amulet of magic regeneration (around neck)
 s - a ring of ice
 u - a ring of protection from cold (left hand)
 y - a ring of see invisible
 B - a ring of protection from cold
Wands
 x - a wand of paralysis (13)
Scrolls
 b - 2 scrolls of immolation
 e - 2 scrolls of teleportation
 g - 2 scrolls of vulnerability
 i - a scroll of silence
 m - a scroll of enchant weapon
 o - a scroll of butterflies
 v - a scroll of fear {unknown}
Potions
 a - 2 potions of magic
 d - 2 potions of lignification {unknown}
 f - 6 potions of curing
 h - 5 potions of might {unknown}
 j - a potion of cancellation {unknown}
 k - 6 potions of flight
 n - 3 potions of resistance {unknown}
 q - 2 potions of heal wounds {unknown}
 t - 2 potions of mutation {unknown}
 z - a potion of brilliance {unknown}
 C - a potion of haste {unknown}


   Skills:
 * Level 8.3 Fighting
 * Level 8.0 Armour
 + Level 3.3 Dodging
 + Level 3.1 Stealth
 + Level 0.3 Shields
 + Level 10.2 Unarmed Combat


You had 9 spell levels left.
You didn't know any spells.
Your spell library was empty.

Dungeon Overview and Level Annotations

Branches:
Dungeon (8/15)             Temple (0/1) D:4         Ossuary (visited)
   Lair: D:8-11

Altars:
Cheibriados
Fedhas
Kikubaaqudgha
Vehumet
The Shining One

Shops:
D:5 =   D:7 [!

Annotations:
D:4 1 transporter, lambentLogic's ghost, amateur OpEn


Innate Abilities, Weirdness & Mutations

You have razor-sharp teeth.
Your natural rate of healing is unusually fast.
When hurt, damage is shared between your health and your magic reserves.
Your bite disrupts and absorbs the magic of your enemies.
Potions cannot restore your health.


Message History

* * * LOW HITPOINT WARNING * * *
The yak gores you!
* * * LOW HITPOINT WARNING * * *
The yak barely misses you.
You feel a strong urge to attack something.
You feel your anger nearly subside.
You are no longer berserk.
You are exhausted.
You feel yourself slow down.
The air fills with toxic fumes!
As you read the scroll of poison, it crumbles to dust.
The yak is engulfed in poison gas.
The yak is poisoned.
The yak is engulfed in poison gas.
The yak is poisoned.
The yak is engulfed in poison gas.
The yak is poisoned.
You closely miss the yak.
The yak is lightly wounded.
The yak is engulfed in poison gas.
The yak looks even sicker.
The yak barely misses you.
The yak is engulfed in poison gas.
The yak looks even sicker.
The yak gores you!
* * * LOW HITPOINT WARNING * * *
The yak is engulfed in poison gas.
The yak is poisoned.
Your skin crawls.
You feel strong-willed.
The yak is engulfed in poison gas.
The yak looks even sicker.
The yak gores you.
* * * LOW HITPOINT WARNING * * *
The yak looks even sicker.
You block the yak's attack.
Unknown command.
Magic courses through your body.
The yak is engulfed in poison gas.
The yak is poisoned.
The yak is engulfed in poison gas.
The yak looks as sick as possible!
The yak closely misses you.
The yak looks as sick as possible!
The yak gores you!
* * * LOW HITPOINT WARNING * * *
The yak is engulfed in poison gas.
The yak looks even sicker.
The yak is engulfed in poison gas.
The yak looks even sicker.
The yak is engulfed in poison gas.
The yak looks even sicker.
The yak is engulfed in poison gas.
The yak looks as sick as possible!
The yak gores you but does no damage.
The yak is engulfed in poison gas.
The yak looks as sick as possible!
The yak gores you!
You die...

...)....#
########..##...).......
....)...#
.....§§§§###...........
........# .....§§§##
#........... #####.###
.....§§§# #...........
#.#
######§§###############
#.# #§☼§§§# ..# #§§☼§§#
## #☼§§§§# ##Y@§§§#
##§YY§§§# ####YY§§§§§#
#.§§§§.☼§§§#
#§.o§☼§§§§§#
#§§.§§☼§§☼☼§.
#§.§☼§§§§§§☼§.
#§§§§§§§§§§§§§
..............


You could see 5 yaks and an orc warrior.

Vanquished Creatures
  A death drake (Abyss:1)
  The ghost of adizb the Skirmisher, a novice TeHu of Ru (D:6)
  Prince Ribbit (D:8)
  A steam dragon (D:8)
  A yak (D:8)
  2 water moccasins
  2 ice beasts
  A black bear (D:7)
  A sky beast (D:8)
  9 ogres
  3 kobold brigands
  A small abomination (Abyss:1)
  A gnoll sergeant (D:7)
  A bullfrog (D:7)
  3 necrophages
  8 water moccasin zombies (Ossuary)
  2 scorpions
  6 wights
  A vampire bat (D:3)
  2 howler monkeys
  4 hounds
  4 orc priests
  A gnoll bouda (D:7)
  A jelly (D:5)
  An iron imp (Abyss:1)
  8 iguanas
  6 orc wizards
  2 mummies (Ossuary)
  17 gnolls (D:7)
  6 adders
  3 shadow imps
  A white imp (D:7)
  An ufetubus (D:4)
  3 adder zombies (Ossuary)
  2 worms
  3 dart slugs
  17 orcs
  7 endoplasms
  3 giant cockroaches
  A gnoll zombie (Ossuary)
  8 goblins
  4 hobgoblins
  3 jackals
  22 kobolds
  5 quokkas
  5 ball pythons
  13 bats
  2 frilled lizards
  4 hobgoblin zombies (Ossuary)
  6 kobold zombies (Ossuary)
  4 orc zombies (Ossuary)
  2 rats
217 creatures vanquished.

Vanquished Creatures (collateral kills)
  Maggie (D:8)
1 creature vanquished.

Vanquished Creatures (others)
  An orc (D:8)
1 creature vanquished.

Grand Total: 219 creatures vanquished

Notes
Turn   | Place    | Note
-------+----------+-------------------------------------------
     0 | D:1      | robertstho the Vine Stalker Berserker began the quest for
                  | the Orb.
     0 | D:1      | Reached XP level 1. HP: 11/11 MP: 2/2
   314 | D:1      | Reached XP level 2. HP: 5/16 MP: 0/3
  1314 | D:1      | Reached XP level 3. HP: 20/20 MP: 4/4
  1756 | D:2      | Found a radiant altar of Vehumet.
  2654 | D:2      | Found a faded altar of an unknown god.
  2769 | D:3      | Gained mutation: Your natural rate of healing is unusually
                  | fast. [Vine Stalker growth]
  2769 | D:3      | Reached XP level 4. HP: 23/25 MP: 1/5
  2830 | D:3      | Reached skill level 4 in Unarmed Combat
  2835 | D:3      | Reached XP level 5. HP: 29/29 MP: 6/6
  2837 | D:3      | Reached skill level 1 in Stealth
  2844 | D:3      | Reached ** piety under Trog
  3121 | D:3      | Reached XP level 6. HP: 24/33 MP: 5/7
  3322 | D:3      | Found a snail-covered altar of Cheibriados.
  3362 | D:4      | Found a staircase to the Ecumenical Temple.
  3376 | D:4      | Reached skill level 5 in Unarmed Combat
  3410 | D:4      | Identified a scroll of acquirement
  3453 | D:4      | Found a sand-covered staircase.
  3461 | Ossuary  | Entered an ossuary
  3483 | Ossuary  | Reached XP level 7. HP: 37/37 MP: 8/8
  3498 | Ossuary  | Reached *** piety under Trog
  3502 | Ossuary  | Acquired a manual of Fighting
  3606 | Ossuary  | Reached skill level 6 in Unarmed Combat
  3614 | Ossuary  | Gained mutation: You have razor-sharp teeth. [Vine Stalker
                  | growth]
  3614 | Ossuary  | Reached XP level 8. HP: 36/42 MP: 9/9
  3665 | Ossuary  | Reached skill level 5 in Fighting
  3930 | D:4      | Found a transporter.
  3934 | D:4      | Noticed lambentLogic's ghost (amateur OpEn)
  4212 | D:5      | Entered Level 5 of the Dungeon
  4320 | D:5      | Found Burheo Ameo's One-of-a-Kind Rings.
  4659 | D:5      | Reached skill level 7 in Unarmed Combat
  4719 | D:5      | Reached skill level 5 in Armour
  4813 | D:5      | Found a glowing golden altar of the Shining One.
  4925 | D:5      | Found a blossoming altar of Fedhas.
  5064 | D:6      | Reached **** piety under Trog
  5065 | D:6      | Reached XP level 9. HP: 48/48 MP: 10/10
  5181 | D:6      | Identified the +7 great mace "Tattletale" {elec, Drain
                  | rCorr Str-3 Int+5}
  5182 | D:6      | Noticed adizb's ghost (novice TeHu)
  5183 | D:6      | Found a transporter.
  5328 | D:6      | Reached skill level 8 in Unarmed Combat
  5713 | D:6      | Found a transporter.
  5730 | D:6      | Killed adizb's ghost
  5734 | D:6      | Reached skill level 9 in Unarmed Combat
  5949 | D:7      | Reached XP level 10. HP: 55/55 MP: 11/11
  6043 | D:7      | Reached ***** piety under Trog
  6071 | D:7      | Found Fiximyaff's Armour Shop.
  6097 | D:7      | Bought the +0 hat of the Hunter {rPois rN++ Dex-4 Stlth+}
                  | for 261 gold pieces
  6251 | D:7      | Found Retugif's Distillery.
  6255 | D:7      | Bought a potion of flight for 36 gold pieces
  6255 | D:7      | Bought a potion of degeneration for 12 gold pieces
  6468 | D:8      | Noticed Prince Ribbit
  6487 | D:8      | Killed Prince Ribbit
  6536 | D:8      | Noticed Maggie
  6555 | Abyss:1  | Cast into level 1 of the Abyss (Maggie)
  6573 | Abyss:1  | Found a corrupted altar of Lugonu.
  6580 | Abyss:1  | Noticed a juggernaut zombie
  6598 | Abyss:1  | Noticed a death drake
  6614 | Abyss:1  | Killed a death drake
  6615 | Abyss:1  | Reached skill level 10 in Unarmed Combat
  6654 | Abyss:1  | Noticed a wretched star
  6726 | D:8      | Escaped the Abyss
  6733 | D:8      | Killed Maggie
  6768 | D:8      | Found an ancient bone altar of Kikubaaqudgha.
  6867 | D:8      | Slain by a yak

Illustrated notes

Levels and vault maps discovered:
D:1:      mrwooster_arrival_arrow, layout_basic
D:2:      layout_basic, dilly_ecumenical_altar_fadedgnrine, basic_altar
D:3:      layout_rooms, mainiacjoe_overflow_alcove_4, minivault_26,
          hangedman_decor_lopped, roderic_batcave
D:4:      layout_basic, minmay_temple_entry_junction_2,
          gammafunk_ghost_mausoleum, chequers_ossuary_entry_cave, fountainhead
D:5:      layout_basic, kennysheep_little_box, lemuel_coloured_pillars_altar,
          nicolae_shop_unique_rings, due_unseen_surprise
D:6:      layout_cave_pools, gammafunk_ghost_smash, minmay_misc_feat_rugged
D:7:      layout_cave_pools, serial_gnoll_camp, gnoll_camp_mini_loothouse,
          gnoll_camp_mini_shop, gnoll_camp_mini_doghouse,
          gnoll_camp_mini_sergeant, serial_shops, shop, hex_tiny
D:8:      layout_basic, nicolae_kikubaaqudgha_miasma_corner,
          minmay_overflow_temple_star_quad, mainiacjoe_overflow_tiny_flanked,
          enter_bailey_4, st_stairs_13, kb_lookout_dungeons_type,
          uniq_prince_ribbit1, uniq_maggie

Skill      XL: |  1  2  3  4  5  6  7  8  9 10 |
---------------+-------------------------------+-----
Fighting       | 3 4 6 7 8 |  8.3
Dodging        | 2 3 |  3.3
Armour         | 2 3 4 5 7 8 |  8.0
Unarmed Combat | 4 5 6 7 9 10 | 10.2
Stealth        | 1 3 |  3.1
Shields        | |  0.3

Action                   |  1- 3 |  4- 6 |  7- 9 | 10-12 || total
-------------------------+-------+-------+-------+-------++-------
Melee: Unarmed           |    92 |   141 |   314 |   156 ||   703
       Bite              |    21 |    31 |    96 |    36 ||   184
       Punch             |     4 |     5 |    17 |       ||    26
Invok: Berserk           |     3 |     3 |     4 |     4 ||    14
       Trog's Hand       |       |       |       |     1 ||     1
       Brothers in Arms  |       |       |       |     1 ||     1
Evoke: Wand              |       |       |       |     1 ||     1
  Use: Scroll            |       |     6 |     9 |     3 ||    18
       Potion            |       |       |       |     2 ||     2
 Stab: Paralysed         |       |       |       |     7 ||     7
Armor: Animal skin       |    17 |       |       |       ||    17
       Scale mail        |       |    66 |    41 |       ||   107
       Chain mail        |       |       |    69 |    83 ||   152
Dodge: Dodged            |    54 |    66 |   137 |    65 ||   322
Block: Buckler           |       |       |       |    11 ||    11
